 Dungeon Crawl Stone Soup version 0.19.4-25-g1b72edd (webtiles) character file.

63 Ilear the Magician (level 3, -4/26 HPs)
             Began as a Draconian Wizard on Feb 28, 2017.
             Slain by a gnoll
             ... wielding a +0 spear
              (5 damage)
             ... on level 2 of the Dungeon.
             The game lasted 00:37:49 (2474 turns).

Ilear the Magician (Draconian Wizard)               Turns: 2474, Time: 00:37:50

Health: -4/26      AC:  5    Str:  9    XL:     3   Next: 89%
Magic:  8/8        EV: 11    Int: 19    God:
Gold:   72         SH:  0    Dex:  9    Spells: 2 memorised, 6 levels left

rFire  . . .     SeeInvis .     i - +0 spear
rCold  . . .     Gourm    .     (armour unavailable)
rNeg   . . .     Faith    .     (no shield)
rPois  .         Spirit   .     a - +0 hat
rElec  .         Reflect  .     (no cloak)
rCorr  .         Harm     .     (no gloves)
MR     .....                    (no boots)
Stlth  +.........               (no amulet)
                                (no ring)
                                (no ring)

@: heavily drained
A: unfitting armour, cold-blooded, AC +5
a: no special abilities


You were on level 2 of the Dungeon.
You were full.

You visited 1 branch of the dungeon, and saw 2 of its levels.

You collected 72 gold pieces.

Inventory:

Hand Weapons
 f - a +0 club
 i - a +0 spear (weapon)
 l - a +0 hand axe
 m - a +0 club
 o - a +0 club
 p - a +0 short sword
 r - a +0 dagger
 s - a +0 short sword
 w - a +0 dagger
 z - a +0 club
 A - a +0 club
 D - a +0 hunting sling
 F - a +0 club
 G - a +0 club
 H - a +0 dagger
 I - a cursed -1 club
Missiles
 d - 181 stones (quivered)
 q - 35 bolts
 x - 5 poisoned needles
 y - 52 arrows
Armour
 a - a +0 hat (worn)
 h - a +0 robe
 j - a +0 leather armour
 k - a +0 leather armour
Jewellery
 n - an uncursed amulet of harm
Scrolls
 g - a scroll of teleportation {unknown}
 v - a scroll of amnesia {unknown}
 E - a scroll of random uselessness {unknown}
 J - a scroll of remove curse {unknown}
Potions
 e - a potion of brilliance {unknown}
 t - a potion of cure mutation {unknown}
 u - 2 potions of curing {unknown}
 B - 2 potions of magic {unknown}
 K - a potion of degeneration {unknown}
Books
 b - a book of Minor Magic

   Spells                             Type                      Level
   a - Magic Dart                     Conjuration                  1
   b - Blink                          Translocation                2
   c - Call Imp                       Summoning                    2
   d - Repel Missiles                 Charms/Air                   2
   e - Slow                           Hexes                        2
   f - Conjure Flame                  Conjuration/Fire             3
   g - Mephitic Cloud                 Conjuration/Poison/Air       3
Comestibles
 c - 2 bread rations


   Skills:
 + Level 1.4(0.1) Polearms
 + Level 2.4(1.1) Dodging
 + Level 2.0(0.7) Stealth
 + Level 0.4(0.0) Unarmed Combat
 + Level 3.5(2.2) Spellcasting
 + Level 1.3(0.0) Conjurations
 + Level 1.1(0.0) Summonings
   Level 1.0(0.0) Translocations


You had 6 spell levels left.
You knew the following spells:

 Your Spells              Type           Power        Failure   Level  Hunger
a - Magic Dart            Conj           #...         17%         1    #......
b - Call Imp              Summ           #.......     24%         2    ##.....


Dungeon Overview and Level Annotations

Branches:
Dungeon (2/15)

Altars:


Innate Abilities, Weirdness & Mutations

Your plain brown scales are hard. (AC +5)
You cannot fit into any form of body armour.
You are cold-blooded and may be slowed by cold attacks.


Message History

You reach to attack!
You hit the gnoll but do no damage.
The gnoll is moderately wounded.
The gnoll barely misses you. The gnoll hits you but does no damage.
The gnoll hits you with a spear.
* * * LOW HITPOINT WARNING * * *
Attack whom?
Press: ? - help, Dir - move target cursor, f/p - gnoll
Aim: a gnoll, wielding a spear (moderately wounded)
The gnoll is in the way.
You hit the gnoll but do no damage.
The gnoll is moderately wounded.
The gnoll barely misses you. The gnoll hits you with a spear.
* * * LOW HITPOINT WARNING * * *
The gnoll barely misses you.
Attack whom?
Press: ? - help, Dir - move target cursor, f/p - gnoll
Aim: a gnoll, wielding a spear (moderately wounded)
The gnoll is in the way.
You hit the gnoll. You tail-slap the gnoll.
The gnoll is severely wounded.
The gnoll hits you with a spear.
You die...

#.# #...#.## #.#
#.#.#.#. #.#
###.#.#. ##'#+##
#.#'#. #...$.#
#..... #.....#
##..... #.....#
+...... #.....#
###...# ##@####
#...# #g####
###...'
#g##.#######.....#
#g##.............#
#g##.............#
#.##.............'
#.##.............#
#.##..........####
#..........#


You could see 4 gnolls.

Vanquished Creatures
  An adder (D:2)
  An ooze (D:1)
  A worm (D:2)
  A leopard gecko (D:2)
  5 giant cockroaches
  5 goblins
  7 hobgoblins
  6 jackals
  3 kobolds (D:1)
  4 bats
  2 frilled lizards
  4 rats
40 creatures vanquished.

Vanquished Creatures (collateral kills)
  A jackal (D:1)
1 creature vanquished.

Grand Total: 41 creatures vanquished

Notes
Turn   | Place    | Note
-------+----------+-------------------------------------------
     0 | D:1      | Ilear the Draconian Wizard began the quest for the Orb.
     0 | D:1      | Reached XP level 1. HP: 14/14 MP: 4/4
   439 | D:1      | Reached XP level 2. HP: 20/20 MP: 6/6
   449 | D:1      | Learned a level 2 spell: Call Imp
  1403 | D:2      | Reached XP level 3. HP: 26/26 MP: 2/7
  1974 | D:2      | Reached skill level 1 in Polearms
  2473 | D:2      | HP: 1/26 [gnoll/spear (2)]
  2474 | D:2      | Slain by a gnoll

Skill      XL: |  1  2  3 |
---------------+----------+-----
Dodging        | 2 |  2.4
Stealth        | 2 |  2.0
Polearms       | 1 |  1.4
Unarmed Combat | |  0.4
Spellcasting   | |  3.5
Conjurations   | |  1.3
Summonings     | |  1.1
Translocations | |  1.0

Action                   || total
-------------------------++-------
Melee: Unarmed           ||    19
       Spear             ||   139
       Tailslap          ||    10
Throw: Stone             ||    25
 Cast: Magic Dart        ||    35
       Call Imp          ||     6
  Eat: Meat ration       ||     1
       Chunk             ||     1
       Bread ration      ||     1
Armor: Skin              ||    59
Dodge: Dodged            ||   119
